 Dungeon Sprint DCSS version 0.31-a0-841-g038b102fc3 (webtiles) character file.

Game seed: 16226114539502729729

99677 rocky1 the Slayer (level 16, 0/153 HPs)
             Began as a Djinni Gladiator on Sept 28, 2023.
             Was the Champion of Cheibriados.
             Slain by a bone dragon (12 damage)
             ... in the Dungeon (Sprint VII: "The Pits").
             The game lasted 00:21:44 (6952 turns).

rocky1 the Slayer (Djinni Gladiator)                Turns: 6952, Time: 00:21:45

Health: 0/153      AC: 30    Str: 28    XL:     16   Next: 77%
Gold:   81         EV: 29    Int: 27    God:    Cheibriados [******] SH:  0 Dex: 42

rFire   + + +        P - +3 great sword (holy)
rCold   + . .        (shield currently unavailable)
rNeg    + . .        Y - +8 gold dragon scales
rPois   ∞            h - +0 hat of Sakkin {Fly rC+ rN+}
rElec   .            a - +1 cloak
rCorr   .            (no gloves)
SInv    .            (boots unavailable)
Will    +....        (no amulet)
Stlth   +            X - +6 ring of dexterity
HPRegen 0.45/turn    W - +3 ring of slaying
MPRegen 0.00/turn

%: no teleportation, infuse magic (-1 HP)
@: flying, studying Short Blades, very slow
A: sickness immunity, fire resistance 2, cold vulnerability 1, float, innate
caster, HP casting, extra vitality 1
a: Renounce Religion, Bend Time, Temporal Distortion, Slouch, Step From Time


You were in the Dungeon.
You worshipped Cheibriados.
Cheibriados was exalted by your worship.
You visited 1 branch You collected 81 gold pieces.

Inventory:

Hand Weapons
 b - the +3 double sword of Arbitration {protect, Int+5}
   (You found it in the Dungeon)

   Int+5:     It affects your intelligence (+5).
 w - a +2 scimitar of flaming
 H - the +3 hand cannon "Umummit" {freeze, rPois rC- Int+7}
   (You found it in the Dungeon)

   Int+7:     It affects your intelligence (+7).
   rC-:       It makes you vulnerable to cold.
   rPois:     It protects you from poison
 O - a +1 triple sword
 P - a +3 great sword of holy wrath (weapon)
 Q - a +3 double sword
Missiles
 d - 3 throwing nets
 e - 6 javelins (quivered)
 g - a curare-tipped dart
 K - 3 poisoned darts
Armour
 a - a +1 cloak (worn)
 c - a +0 helmet
 h - the +0 hat of Sakkin (worn) {Fly rC+ rN+}
   (You found it in the Dungeon)

   rC+:       It protects you from cold.
   rN+:       It protects you from negative energy.
   Fly:       It grants you flight.
 Y - +8 gold dragon scales (worn)
 Z - the +0 tower shield of Terror {Slay+2}
   (You found it in the Dungeon)

   Slay+2:    It affects your accuracy & damage with ranged weapons and melee
   (+2).
Jewellery
 W - a +3 ring of slaying (right hand)
 X - a +6 ring of dexterity (left hand)
Wands
 y - a wand of charming (15)
 L - a wand of iceblast (4)
Scrolls
 l - 2 scrolls of vulnerability
 m - a scroll of summoning
 z - 6 scrolls of enchant armour
 B - 8 scrolls of enchant weapon
 C - a scroll of fear
 S - 2 scrolls of fog
 T - a scroll of blinking
Potions
 f - 8 potions of curing
 i - 4 potions of berserk rage
 k - a potion of invisibility
 n - 12 potions of heal wounds
 t - 2 potions of resistance
 u - a potion of brilliance
 v - 3 potions of might
 A - 7 potions of mutation
 G - a potion of attraction


   Skills:
 * Level 26.9 Fighting
 * Level 22.6 Long Blades
 + Level 3.0 Throwing
 + Level 14.1 Armour
 + Level 21.6 Dodging
 + Level 15.4 Stealth
 - Level 12.5 Invocations


You knew the following spells:

 Your Spells              Type           Power      Damage    Failure   Level
a - Freeze                Ice            0%         1d3       94%         1
b - Call Imp              Summ           0%         N/A       98%         2
c - Lesser Beckoning      Tloc           0%         N/A       98%         2
d - Sigil of Binding      Hex            0%         N/A       100%        3
e - Agony                 Necr           0%         N/A       100%        5
f - Yara's Violent Unrav  Hex/Tmut       0%         3d3       100%        5
g - Dispersal             Tloc           0%         N/A       100%        6
Your spell library was empty.


Dungeon Overview and Level Annotations

Branches:
Dungeon (1/1)

Altars:
Ashenzari
Cheibriados
Dithmenos
Elyvilon
Fedhas
Gozag
Hepliaklqana
Makhleb
Nemelex Xobeh
Okawaru
Qazlal
Ru
Trog
Uskayaw
Wu Jian
Xom
Yredelemnul
Zin
The Shining One
Jiyva
Lugonu


Innate Abilities, Weirdness & Mutations

You are immune to sickness and miasma.
You are immune to poison.
Your flesh is very heat resistant. (rF++)
You are vulnerable to cold. (rC-)
You float through the air rather than walking.
You learn spells naturally, not from books.
Your magical power is your life essence.
You have superior vitality. (+4 MHP)


Message History

The bone dragon is severely damaged.
The bone dragon bites you but does no damage.
The bone dragon claws you but does no damage.
The bone dragon completely misses you. The bone dragon barely misses you.
The bone dragon claws you but does no damage.
The bone dragon completely misses you.
You chop the bone dragon into pieces!!!
The bone dragon convulses!
You destroy the bone dragon!
Cheibriados appreciates the change of pace.
The bone dragon completely misses you. The bone dragon misses you.
The bone dragon completely misses you. The bone dragon bites you.
* * * LOW HITPOINT WARNING * * *
The bone dragon claws you but does no damage.
The bone dragon misses you. The bone dragon bites you.
* * * LOW HITPOINT WARNING * * *
The bone dragon claws you.
* * * LOW HITPOINT WARNING * * *
The bone dragon tramples you but does no damage.
You see here a +0 robe.
You slice the bone dragon!!
The bone dragon convulses.
The bone dragon is heavily damaged.
You hit the bone dragon but do no damage.
The bone dragon is heavily damaged.
The bone dragon bites you!
* * * LOW HITPOINT WARNING * * *
The bone dragon claws you!
* * * LOW HITPOINT WARNING * * *
The bone dragon tramples you but does no damage.
You hit the bone dragon.
The bone dragon convulses!
The bone dragon is severely damaged.
The bone dragon bites you but does no damage.
The bone dragon closely misses you. The bone dragon misses you.
You slice the bone dragon!!
The bone dragon convulses!
The bone dragon is severely damaged.
You slash the bone dragon!
The bone dragon convulses.
The bone dragon is almost destroyed.
The bone dragon misses you. The bone dragon completely misses you.
The bone dragon tramples you!
You die...

#=.###.##........##..
#?[..#..#.)#..#..#...
#.[.)#....)..........
#.)))#.....#).#......
#..))#..#).)|.))|#...
#''##################
#''#########
#..#))$[)//#
#.))@))[(/.#
#..#D)?=!?)# #####
#..#.))φ[(.# ##.#.#
#..#.))))=.# #.#.#)
#..#)).?)::# ##.#)#
#..#.).)$).# #.#.#.
#..#)?.../|# ##.#÷#
############ #####
############ .....


You could see a bone dragon.

Vanquished Creatures
  A golden dragon (D)
  A bone dragon (D)
  Jory (D)
  A Tzitzimitl (D)
  A Brimstone Fiend (D)
  2 Hell Sentinels (D)
  4 liches (D)
  A deep elf master archer (D)
  A sphinx (D)
  A deep elf blademaster (D)
  A death cob (D)
  A shadow dragon (D)
  A nagaraja (D)
  Ilsuiw (D)
  An emperor scorpion (D)
  A deep elf sorcerer (D)
  A frost giant (D)
  2 ghost moths (D)
  A ghoul (D)
  2 orc warlords (D)
  3 ophanim (D)
  A black draconian (D)
  4 vampire knights (D)
  A green draconian (D)
  2 deep elf annihilators (D)
  A yellow draconian (D)
  A merfolk impaler (D)
  2 green deaths (D)
  A mummy priest (D)
  5 vault guards (D)
  A hydra (D)
  2 spriggan air magi (D)
  2 death knights (D)
  2 boulder beetles (D)
  2 merfolk avatars (D)
  5 two-headed ogres (D)
  2 alligators (D)
  An ogre mage (D)
  An anaconda (D)
  A catoblepas (D)
  A merfolk aquamancer (D)
  2 centaur warriors (D)
  A vampire mage (D)
  4 hell hogs (D)
  Urug (D)
  2 demonic crawlers (D)
  A naga warrior (D)
  An iron troll (D)
  A shadow wraith (D)
  A sea snake (D)
  18 skeletal warriors (D)
  A fire crab (D)
  4 flayed ghosts (D)
  A large abomination (D)
  A swamp dragon (D)
  2 bog bodies (D)
  3 lindwurms (D)
  A wizard (D)
  2 deep trolls (D)
  16 orc knights (D)
  A deep elf pyromancer (D)
  A phantasmal warrior (D)
  An ugly thing (D)
  A manticore (D)
  Maurice (D)
  2 merfolk sirens (D)
  A guardian serpent (D)
  A gargoyle (D)
  A yaktaur (D)
  3 freezing wraiths (D)
  A kobold demonologist (D)
  2 red devils (D)
  A wandering mushroom (D)
  A polar bear (D)
  A hornet (shapeshifter) (D)
  A tyrant leech (D)
  A tarantella (D)
  A jumping spider (D)
  4 dream sheep (D)
  A flying skull (D)
  3 water elementals (D)
  2 fire elementals (D)
  9 vampires (D)
  A basilisk (D)
  2 wraiths (D)
  A neqoxec (D)
  2 golden eyes (D)
  2 chaos spawn (D)
  5 redbacks (D)
  A warg (D)
  2 nagas (D)
  A water moccasin (D)
  4 hell hounds (D)
  An ice beast (D)
  2 ogres (D)
  9 wolves (D)
  A centaur (D)
  A kobold brigand (D)
  4 scorpions (D)
  4 necrophages (D)
  4 wights (D)
  A small abomination (D)
  A crimson imp (D)
  A hound (D)
  Crazy Yiuf (D)
  2 iron imps (D)
  2 orc wizards (D)
  An adder (D)
  A gnoll (D)
  3 white imps (D)
  An ufetubus (D)
  An adder skeleton (D)
  An adder zombie (D)
  5 adder simulacra (D)
  7 orcs (D)
  A bat skeleton (D)
  A bat zombie (D)
  An endoplasm (D)
  A giant cockroach (D)
  A goblin (D)
  A quokka (D)
  4 ball python simulacra (D)
  2 ball python skeletons (D)
  2 ball python zombies (D)
  A frilled lizard (D)
  A giant cockroach zombie (D)
  2 jackal zombies (D)
  2 kobolds (D)
  A quokka skeleton (D)
  2 quokka zombies (D)
  A rat (D)
270 creatures vanquished.

Vanquished Creatures (others)
  A lorocyproca (D)
  A swamp dragon (D)
  A wolf (D)
  An orc priest (D)
4 creatures vanquished.

Grand Total: 274 creatures vanquished

Notes
Turn   | Place    | Note
-------+----------+-------------------------------------------
     0 | D        | rocky1 the Djinni Gladiator began the quest for the Orb.
     0 | D        | Reached XP level 1. HP: 18/18 MP: 0/0
    46 | D        | Found a bloodstained altar of Trog.
    46 | D        | Found a viscous altar of Jiyva.
    46 | D        | Found a hazy altar of Hepliaklqana.
    46 | D        | Found an opulent altar of Gozag.
    47 | D        | Found a glowing golden altar of the Shining One.
    47 | D        | Found a glowing silver altar of Zin.
    47 | D        | Found a basalt altar of Yredelemnul.
    47 | D        | Found a shimmering altar of Xom.
    47 | D        | Found an ornate altar of the Wu Jian Council.
    47 | D        | Found a sacrificial altar of Ru.
    47 | D        | Found a stormy altar of Qazlal.
    47 | D        | Found an iron altar of Okawaru.
    47 | D        | Found a sparkling altar of Nemelex Xobeh.
    47 | D        | Found a burning altar of Makhleb.
    47 | D        | Found a blossoming altar of Fedhas.
    47 | D        | Found a white marble altar of Elyvilon.
    47 | D        | Found a shadowy altar of Dithmenos.
    47 | D        | Found a snail-covered altar of Cheibriados.
    50 | D        | Found a corrupted altar of Lugonu.
    51 | D        | Found a hide-covered altar of Uskayaw.
    51 | D        | Found a broken altar of Ashenzari.
    58 | D        | Became a worshipper of Cheibriados the Contemplative
    72 | D        | Reached * piety under Cheibriados
    73 | D        | Reached XP level 2. HP: 23/23 MP: 0/0
   103 | D        | Reached ** piety under Cheibriados
   208 | D        | Noticed a scorpion
   209 | D        | Noticed a kobold brigand
   226 | D        | Killed a scorpion
   227 | D        | Reached skill level 3 in Fighting
   227 | D        | Reached skill level 5 in Long Blades
   227 | D        | Reached skill level 1 in Armour
   227 | D        | Reached skill level 1 in Stealth
   227 | D        | Reached XP level 3. HP: 9/30 MP: 0/0
   227 | D        | Learned a level 1 spell: Freeze
   227 | D        | Reached XP level 4. HP: 10/35 MP: 0/0
   228 | D        | Reached *** piety under Cheibriados
   238 | D        | Killed a kobold brigand
   239 | D        | Reached XP level 5. HP: 14/40 MP: 0/0
   239 | D        | Learned a level 2 spell: Call Imp
   455 | D        | Noticed a flying skull
   468 | D        | Killed a flying skull
   468 | D        | Reached **** piety under Cheibriados
   469 | D        | Reached skill level 4 in Fighting
   469 | D        | Reached XP level 6. HP: 43/49 MP: 0/0
   481 | D        | Reached skill level 5 in Fighting
   485 | D        | Reached ***** piety under Cheibriados
   617 | D        | Reached XP level 7. HP: 52/54 MP: 0/0
   617 | D        | Learned a level 2 spell: Lesser Beckoning
   622 | D        | Noticed a kobold demonologist
   628 | D        | Killed a kobold demonologist
   629 | D        | Reached skill level 6 in Fighting
   629 | D        | Reached skill level 5 in Armour
   629 | D        | Reached skill level 5 in Invocations
   631 | D        | Noticed a freezing wraith
   631 | D        | Noticed Urug
   633 | D        | Reached ****** piety under Cheibriados
   634 | D        | Reached skill level 7 in Fighting
   634 | D        | Reached XP level 8. HP: 55/64 MP: 0/0
   638 | D        | Killed a freezing wraith
   639 | D        | Reached skill level 10 in Long Blades
   734 | D        | Killed Urug
   735 | D        | Reached skill level 8 in Fighting
   735 | D        | Reached XP level 9. HP: 25/71 MP: 0/0
   735 | D        | Learned a level 3 spell: Sigil of Binding
   888 | D        | Noticed Crazy Yiuf
   898 | D        | Killed Crazy Yiuf
  1126 | D        | Noticed a demonic crawler
  1127 | D        | Noticed a lindwurm
  1130 | D        | Killed a demonic crawler
  1131 | D        | Reached skill level 9 in Fighting
  1132 | D        | Killed a lindwurm
  1133 | D        | Reached skill level 10 in Fighting
  1133 | D        | Reached skill level 10 in Invocations
  1133 | D        | Reached XP level 10. HP: 62/80 MP: 0/0
  1235 | D        | Noticed a deep troll
  1243 | D        | Killed a deep troll
  1356 | D        | Noticed a wizard
  1368 | D        | Killed a wizard
  1369 | D        | Reached skill level 11 in Fighting
  1639 | D        | Noticed a green death
  1640 | D        | Noticed a deep troll
  1647 | D        | Killed a green death
  1648 | D        | Reached skill level 10 in Dodging
  1648 | D        | Reached skill level 5 in Stealth
  1648 | D        | Reached XP level 11. HP: 66/87 MP: 0/0
  1648 | D        | Learned a level 5 spell: Agony
  1649 | D        | Killed a deep troll
  1904 | D        | Noticed a manticore
  1904 | D        | Noticed a hell hog
  1904 | D        | Noticed a hell hog
  1904 | D        | Noticed a hell hog
  1904 | D        | Noticed a hell hog
  1907 | D        | Killed a hell hog
  1907 | D        | Killed a hell hog
  1907 | D        | Killed a hell hog
  1907 | D        | Killed a hell hog
  1908 | D        | Reached skill level 12 in Fighting
  1909 | D        | Killed a manticore
  1910 | D        | Reached skill level 13 in Fighting
  2163 | D        | Noticed a deep elf pyromancer
  2163 | D        | Noticed a phantasmal warrior
  2168 | D        | Noticed a lindwurm
  2168 | D        | Noticed Maurice
  2171 | D        | Killed a deep elf pyromancer
  2173 | D        | Killed a phantasmal warrior
  2176 | D        | Killed a lindwurm
  2177 | D        | Reached XP level 12. HP: 59/99 MP: 0/0
  2184 | D        | Maurice stole 6 javelins
  2189 | D        | Something stole a +0 long sword of holy wrath
  2193 | D        | Killed Maurice
  2194 | D        | Reached skill level 14 in Fighting
  2194 | D        | Reached skill level 15 in Long Blades
  2508 | D        | Noticed a merfolk avatar
  2508 | D        | Noticed a two-headed ogre
  2513 | D        | Killed a merfolk avatar
  2514 | D        | Killed a two-headed ogre
  2515 | D        | Reached skill level 15 in Fighting
  2594 | D        | Noticed a centaur warrior
  2600 | D        | Reached skill level 10 in Armour
  2600 | D        | Killed a centaur warrior
  2667 | D        | Noticed an ophan
  2667 | D        | Noticed an anaconda
  2667 | D        | Noticed a yellow draconian
  2667 | D        | Noticed a skeletal warrior
  2667 | D        | Noticed a skeletal warrior
  2667 | D        | Noticed a skeletal warrior
  2667 | D        | Noticed a skeletal warrior
  2670 | D        | Killed an anaconda
  2671 | D        | Reached skill level 16 in Fighting
  2672 | D        | Killed a skeletal warrior
  2672 | D        | Killed a skeletal warrior
  2672 | D        | Killed a skeletal warrior
  2681 | D        | Killed an ophan
  2682 | D        | Reached XP level 13. HP: 38/111 MP: 0/0
  2682 | D        | Learned a level 5 spell: Yara's Violent Unravelling
  2682 | D        | Killed a yellow draconian
  2707 | D        | Reached skill level 17 in Fighting
  2717 | D        | Got the +3 hand cannon "Umummit" {freeze, rPois rC- Int+7}
  2876 | D        | Noticed an alligator
  2876 | D        | Noticed a merfolk avatar
  2880 | D        | Killed a merfolk avatar
  2883 | D        | Killed an alligator
  2887 | D        | Noticed an alligator
  2887 | D        | Noticed a catoblepas
  2893 | D        | Killed an alligator
  2901 | D        | Reached skill level 18 in Fighting
  2904 | D        | Noticed a nagaraja
  2904 | D        | Killed a catoblepas
  2906 | D        | Noticed a mummy priest
  2915 | D        | Killed a mummy priest
  2931 | D        | HP: 5/115 [boulder beetle (17)]
  2932 | D        | Reached skill level 10 in Stealth
  2933 | D        | Killed a nagaraja
  3227 | D        | Reached skill level 19 in Fighting
  3227 | D        | Reached skill level 15 in Dodging
  3301 | D        | Noticed an orc warlord
  3301 | D        | Noticed an orc warlord
  3301 | D        | Noticed an emperor scorpion
  3302 | D        | Noticed a vault guard
  3303 | D        | Noticed a spriggan air mage
  3304 | D        | Noticed a vault guard
  3305 | D        | Killed a spriggan air mage
  3307 | D        | Reached skill level 20 in Fighting
  3307 | D        | Reached XP level 14. HP: 87/125 MP: 0/0
  3307 | D        | Killed an orc warlord
  3307 | D        | Killed an emperor scorpion
  3312 | D        | Killed an orc warlord
  3324 | D        | HP: 7/189 [orc knight/+0 great mace (32)]
  3326 | D        | HP: 1/189 [vault guard/+0 great mace (7)]
  3668 | D        | Reached skill level 21 in Fighting
  3730 | D        | Got the +4 leather armour of the Fife {rElec rC+++}
  3746 | D        | Noticed a deep elf blademaster
  3753 | D        | Killed a deep elf blademaster
  4106 | D        | Noticed a Tzitzimitl
  4114 | D        | Killed a Tzitzimitl
  4384 | D        | Noticed a deep elf annihilator
  4387 | D        | Killed a deep elf annihilator
  4390 | D        | Noticed a Brimstone Fiend
  4392 | D        | Killed a Brimstone Fiend
  4494 | D        | Noticed a Hell Sentinel
  4500 | D        | Killed a Hell Sentinel
  4501 | D        | Reached skill level 22 in Fighting
  4652 | D        | Noticed a Hell Sentinel
  4659 | D        | Killed a Hell Sentinel
  4903 | D        | Noticed a death cob
  4904 | D        | Noticed a green draconian
  4906 | D        | Killed a death cob
  4916 | D        | Reached XP level 15. HP: 49/137 MP: 0/0
  4916 | D        | Learned a level 6 spell: Dispersal
  5135 | D        | Noticed a shadow dragon
  5156 | D        | Killed a shadow dragon
  5353 | D        | Noticed Ilsuiw
  5354 | D        | Noticed a frost giant
  5358 | D        | Reached skill level 23 in Fighting
  5359 | D        | Noticed a golden dragon
  5360 | D        | Killed a frost giant
  5361 | D        | Reached skill level 15 in Stealth
  5363 | D        | Killed Ilsuiw
  5375 | D        | Killed a golden dragon
  5636 | D        | Noticed a ghoul
  5642 | D        | Reached skill level 24 in Fighting
  5644 | D        | Killed a ghoul
  5654 | D        | Noticed a deep elf sorcerer
  5655 | D        | Noticed a ghost moth
  5656 | D        | Noticed Jory
  5661 | D        | Killed Jory
  5663 | D        | Killed a deep elf sorcerer
  5673 | D        | Killed a ghost moth
  6265 | D        | Noticed a sphinx
  6268 | D        | Noticed a deep elf master archer
  6270 | D        | Paralysed by a sphinx for 4 turns
  6275 | D        | Killed a sphinx
  6276 | D        | Reached XP level 16. HP: 89/148 MP: 0/0
  6284 | D        | HP: 6/148 [deep elf master archer/arrow (24)]
  6285 | D        | Killed a deep elf master archer
  6847 | D        | Got the +0 tower shield of Terror {Slay+2}
  6892 | D        | Got the +3 double sword of Arbitration {protect, Int+5}
  6904 | D        | Got the +0 hat of Sakkin {Fly rC+ rN+}
  6926 | D        | Noticed a lich
  6926 | D        | Noticed a bone dragon
  6926 | D        | Noticed a lich
  6926 | D        | Noticed a lich
  6926 | D        | Noticed a bone dragon
  6928 | D        | Noticed a lich
  6928 | D        | Identified the +6 quarterstaff of Rioliq {speed, rC+ Dex+3}
  6936 | D        | Killed a lich
  6937 | D        | Reached skill level 25 in Fighting
  6940 | D        | Found the +7 sceptre of Torment {pain, torment}
  6943 | D        | Killed a lich
  6944 | D        | Killed a lich
  6944 | D        | Killed a lich
  6945 | D        | Reached skill level 26 in Fighting
  6946 | D        | Killed a bone dragon
  6952 | D        | Slain by a bone dragon

Illustrated notes

Levels and vault maps discovered:
D:        pitsprint [storerooms_1, entrance_room_1, metal_vault_6, armoury_3,
          mini_pit_1, grid_room_1, main_hall_1, silver_pit, the_coven_1,
          the_vestibule_1, steel_vault_4, golden_pit, hallway_of_sentries,
          crystal_vault_1, iron_vault_2, final_vault]

Skill      XL: |  1  2  3  4  5  6  7  8  9 10 11 12 13 14 15 16 |
---------------+-------------------------------------------------+-----
Long Blades    | 3 5 6 7 8 9 10 11 13 14 16 17 20 22 | 22.6
Dodging        | 4 6 7 8 9 10 12 13 15 16 19 21 | 21.6
Throwing       | 2 3 |  3.0
Fighting       | 3 4 5 7 8 10 11 13 16 20 22 24 26 | 26.9
Armour         | 1 2 3 4 5 6 7 8 9 10 12 13 14 | 14.1
Stealth        | 1 2 3 4 5 6 7 12 14 15 | 15.4
Invocations    | 2 4 5 7 10 12 | 12.5

Action                     |  1- 3 |  4- 6 |  7- 9 | 10-12 | 13-15 | 16-18 || total
---------------------------+-------+-------+-------+-------+-------+-------++-------
  Melee: Long sword        |    33 |    52 |    39 |       |       |       ||   124
         Scimitar          |       |       |     3 |    97 |    84 |       ||   184
         Punch             |       |       |       |     1 |     1 |       ||     2
         Great sword       |       |       |       |       |    95 |    45 ||   140
  Throw: Javelin           |       |       |       |       |     1 |       ||     1
 Invoke: Slouch            |       |       |     6 |    15 |    24 |     5 ||    50
    Use: Potion            |       |     1 |     2 |       |    15 |       ||    18
         Scroll            |       |       |       |       |     3 |       ||     3
   Stab: Sleeping          |     1 |     1 |       |     4 |     6 |       ||    12
         Petrified         |       |       |       |       |     6 |       ||     6
         Petrifying        |       |       |       |       |     4 |       ||     4
         Invisible         |       |       |       |       |     2 |       ||     2
 Armour: Leather armour    |    21 |     8 |       |       |    95 |    15 ||   139
         Ring mail         |       |    17 |    29 |    57 |    44 |       ||   147
         Gold dragon scale |       |       |       |       |       |    31 ||    31
  Dodge: Dodged            |    27 |    29 |    49 |   134 |   322 |    65 ||   626

Table legend: (Time is in decaauts)
 A = Elapsed time spent in this place.
 B = Non-inter-level travel time spent in this place.
 C = Inter-level travel time spent in this place.
 D = Time resting spent in this place.
 E = Time spent auto-exploring this place.
 F = Levels seen in this place.
 G = Mean time per level.
                   A        B        C        D        E       F      G
               +--------+--------+--------+--------+--------+-----+--------+
         Total |   8168 |   7912 |    256 |   4749 |      0 |   1 | 8168.0 |
       Dungeon |   8168 |   7912 |    256 |   4749 |      0 |   1 | 8168.0 |
               +--------+--------+--------+--------+--------+-----+--------+

Top non-repeatable levels by time:
       D: 8168 daAuts
